[Event "33rd ECCC Open 2017"]
[Site "Antalya"]
[Date "2017.10.12"]
[Round "5"]
[White "Delaney, Killian"]
[Black "Tsarouhas, Konstantinos"]
[Result "1-0"]
[ECO "B22"]
[WhiteElo "2202"]
[BlackElo "2126"]
[Annotator "NA"]
[PlyCount "111"]
[EventType "team-tourn"]
[EventCountry "TUR"]
[SourceTitle "playchess.com"]
[Source "ChessBase"]
[SourceQuality "1"]
[WhiteTeam "Gonzaga"]
[BlackTeam "Chania"]
[TimeControl "40/5400+30:1800+30"]

1. e4 c5 2. c3 Nf6 3. e5 Nd5 4. Bc4 Nb6 5. Bb3 c4 6. Bc2 Nc6 7. Nf3 d6 8. exd6 e5 9. O-O Be6 10. a4 Bxd6 11. a5 Nd7 12. d4 cxd3 13. Bxd3 Nxa5 14. Bb5 Bc7 15. Ng5 Bb3 (15... Bf5 $1 $15 {keeps the upper hand.}) 16. Qh5 $11 h6 17. Ne4 a6 18. Bxd7+ Qxd7 19. Rxa5 Bxa5 20. Nc5 Qd5 21. Nxb3 Bc7 22. N1d2 O-O 23. Qf3 Qb5 24. c4 Qb4 25. Na1 Rad8 26. Nc2 Qb6 27. Ne3 Rd3 28. Qf5 Qd4 29. Nd5 Bb8 30. Ne7+ Kh8 31. Ng6+ Kg8 32. Nxf8 Kxf8 33. Qc8+ Qd8 34. Qxd8+ Rxd8 35. Re1 Rc8 36. b3 b5 37. Ba3+ Kg8 38. Kf1 f5 39. Rc1 Rd8 40. Ke2 Kf7 41. cxb5 axb5 42. Rc5 Bd6 43. Rd5 Be7 44. Rxd8 Bxd8 45. Nb1 Ke6 46. Nc3 g5 47. Nxb5 h5 48. Nc3 h4 49. f3 Bf6 50. Kd3 Bd8 51. Bc5 Kd7 52. b4 Bc7 53. h3 Bd8 54. Kc4 Bf6 55. b5 Kc8 56. Nd5 1-0

[Event "33rd ECCC Open 2017"]
[Site "Antalya"]
[Date "2017.10.12"]
[Round "5"]
[White "Salihu, Sami"]
[Black "Fox, Anthony"]
[Result "1/2-1/2"]
[ECO "D58"]
[WhiteElo "2187"]
[BlackElo "2016"]
[Annotator "NA"]
[PlyCount "108"]
[EventType "team-tourn"]
[EventCountry "TUR"]
[SourceTitle "playchess.com"]
[Source "ChessBase"]
[SourceQuality "1"]
[WhiteTeam "Dardania"]
[BlackTeam "Adare"]
[TimeControl "40/5400+30:1800+30"]

1. d4 d5 2. c4 e6 3. Nf3 Nf6 4. Bg5 Be7 5. Nc3 h6 6. Bh4 O-O 7. e3 b6 8. Bd3 Bb7 9. O-O Nbd7 10. Rc1 c5 11. cxd5 Nxd5 12. Bg3 a6 {[%emt 0:04:30] D58: Queen's Gambit Declined: Tartakower Defence} (12... Nxc3 13. bxc3 Nf6 14. Qe2 Rc8 15. Ba6 Qd5 16. Bc4 Qh5 17. Ba6 Qd5 18. Bc4 Qh5 19. Ba6 Qd5 20. Bc4 {½-½ (20) Flores,D (2567)-Tang,A (2461) Medellin 2017}) 13. Bb1 N7f6 14. Ne5 $146 ({Predecessor:} 14. Na4 c4 15. e4 Nb4 16. Nc3 Nh5 17. Be5 b5 18. Bg3 Nxg3 19. hxg3 Qb6 20. Qe2 {1-0 (42) Gupta,A (2413)-Abhay,T (2236) Teheran 2004}) 14... Rc8 15. dxc5 Nxc3 16. Rxc3 Rxc5 17. Rd3 Rd5 18. Qe2 Rxd3 19. Nxd3 Qa8 20. f3 a5 21. Rd1 Ba6 22. Qc2 Rc8 23. Qb3 Qb7 24. Ne5 Rd8 25. Rxd8+ Bxd8 26. e4 Be7 27. Qc2 Bc5+ 28. Bf2 Bxf2+ 29. Kxf2 Nd7 30. Ng4 h5 31. Ne3 Nc5 32. Qd2 Qd7 33. Qxd7 Nxd7 34. Ke1 Kf8 35. Kd2 Ke7 36. Bd3 Bxd3 37. Kxd3 Kd6 38. Nc4+ Kc5 39. f4 f6 40. Kc3 $11 g5 41. g3 h4 42. Ne3 hxg3 43. hxg3 gxf4 44. gxf4 b5 45. Ng4 b4+ 46. Kd3 a4 47. Ne3 Nb6 48. b3 a3 49. Ng4 Nd7 50. Ke3 e5 51. f5 Kb5 52. Kd2 Kc5 53. Ke3 Kb5 54. Kd2 Kc5 1/2-1/2

[Event "33rd ECCC Open 2017"]
[Site "Antalya"]
[Date "2017.10.12"]
[Round "5"]
[White "Jakobsen, Peter"]
[Black "Draskovic, Davor"]
[Result "1/2-1/2"]
[ECO "E54"]
[WhiteElo "2182"]
[BlackElo "2004"]
[Annotator "NA"]
[PlyCount "61"]
[EventType "team-tourn"]
[EventCountry "TUR"]
[SourceTitle "playchess.com"]
[Source "ChessBase"]
[SourceQuality "1"]
[WhiteTeam "Nordkalotten"]
[BlackTeam "Elektroprivreda"]
[TimeControl "40/5400+30:1800+30"]

1. d4 Nf6 2. c4 e6 3. Nc3 Bb4 4. e3 O-O 5. Bd3 c5 6. Nf3 d5 7. O-O cxd4 8. exd4 dxc4 9. Bxc4 b6 10. Bg5 Bb7 11. Re1 Nbd7 {[%emt 0:01:30] E54: Nimzo-Indian: Rubinstein: Main Line: 7...dxc4 8 Bxc4} 12. Qe2 (12. Rc1 Rc8 13. Bd3 h6 14. Bh4 a6 15. Qe2 b5 16. Ne5 Be7 17. Bg3 b4 18. Na4 Nxe5 19. dxe5 Nd5 20. Bxa6 Bxa6 21. Qxa6 {½-½ (33) Korobov,A (2692)-Anand,V (2779) Doha 2016}) 12... Rc8 $146 ({Predecessor:} 12... Bxc3 13. bxc3 Qc7 14. Nd2 Nd5 15. Rac1 h6 16. Bh4 Nf4 17. Qg4 Nxg2 18. Bg3 Qc6 19. Rxe6 fxe6 20. Bxe6+ Kh8 21. d5 Qc5 {0-1 (35) Brustkern,J (2246)-Ornstein,A (2322) Vasteras 2016}) 13. Ne5 Qc7 14. Nb5 Qb8 15. Rec1 a6 16. Nc3 b5 17. Bd3 Bxc3 18. bxc3 Nxe5 19. dxe5 Nd7 20. Be7 Rfe8 21. Bd6 Qa8 22. f3 Nb6 23. Qf2 Nd5 24. c4 bxc4 25. Bxc4 a5 26. Bxd5 Bxd5 27. Rab1 Rxc1+ 28. Rxc1 Rc8 29. Rxc8+ Qxc8 30. Qd2 a4 31. a3 $11 1/2-1/2

[Event "33rd ECCC Open 2017"]
[Site "Antalya"]
[Date "2017.10.12"]
[Round "5"]
[White "Stanic, Zoran"]
[Black "Barrett, Stephen J"]
[Result "0-1"]
[ECO "A45"]
[WhiteElo "2169"]
[BlackElo "2101"]
[Annotator "NA"]
[PlyCount "59"]
[EventType "team-tourn"]
[EventCountry "TUR"]
[SourceTitle "playchess.com"]
[Source "ChessBase"]
[SourceQuality "1"]
[WhiteTeam "Bonnevoie"]
[BlackTeam "White Rose"]
[TimeControl "40/5400+30:1800+30"]

1. d4 Nf6 2. Nc3 c5 3. Bg5 e6 4. d5 d6 5. dxe6 fxe6 6. e4 Nc6 7. Nf3 Be7 8. Bc4 O-O 9. O-O a6 $11 10. a4 Ng4 11. Bxe7 Qxe7 12. h3 Rxf3 13. hxg4 Rf8 14. f4 Kh8 15. Ra3 Bd7 16. g5 Nd4 17. g3 Bc6 18. Bd3 b5 19. axb5 axb5 20. Rxa8 Rxa8 21. Rf2 g6 22. b3 Qg7 23. Kg2 Nf5 24. Nd5 Bxd5 25. Qe1 Bc6 26. Qd1 Bd5 27. Kh2 Bb7 28. Kg2 Bc6 29. Qe1 Qd4 30. Kh2 0-1

[Event "33rd ECCC Open 2017"]
[Site "Antalya"]
[Date "2017.10.12"]
[Round "5"]
[White "Zymberi, Astrit"]
[Black "Millward, Kevin P"]
[Result "1/2-1/2"]
[ECO "A42"]
[WhiteElo "2161"]
[BlackElo "2049"]
[Annotator "NA"]
[PlyCount "106"]
[EventType "team-tourn"]
[EventCountry "TUR"]
[SourceTitle "playchess.com"]
[Source "ChessBase"]
[SourceQuality "1"]
[WhiteTeam "Hasan Pristina"]
[BlackTeam "Viking"]
[TimeControl "40/5400+30:1800+30"]

1. d4 g6 2. c4 Bg7 3. e4 d6 4. Nc3 e5 5. Nge2 Ne7 6. Be3 Nd7 7. Qd2 h6 8. O-O-O f5 9. f3 Nb6 10. b3 Be6 11. d5 Bf7 12. Kb1 Nd7 13. b4 $14 ({Besser ist} 13. g3 $16) 13... a5 14. a3 axb4 15. axb4 Nf6 16. h3 Ra6 17. Nc1 Ra3 18. Bd3 Qa8 19. Qb2 c6 20. g4 fxe4 21. fxe4 O-O 22. Nb3 cxd5 23. cxd5 Nfxd5 24. exd5 Nxd5 25. Nxd5 Bxd5 26. Bc2 Bxh1 27. Rxh1 Rf3 28. Bc1 Ra6 29. Be4 Rf8 30. Rd1 Kh8 31. Rd5 Qa7 32. Rb5 Rf2 33. Qc3 Rc6 34. Qa1 Ra6 35. Ra5 d5 36. Rxa6 bxa6 37. Bxd5 e4 38. Qa4 Qe7 39. Be3 Rf1+ 40. Nc1 Qe5 41. Qa2 Qc3 42. Qb3 Qa1+ 43. Kc2 Qe5 44. Ne2 Qa1 45. Bc1 Rf2 46. Bc4 Kh7 47. Bg8+ Kh8 48. Bc4 Kh7 49. Bg8+ Kh8 50. Bc4 Kh7 51. Bg8+ Kh8 52. Bc4 Rf1 53. Qb2 Re1 1/2-1/2

[Event "33rd ECCC Open 2017"]
[Site "Antalya"]
[Date "2017.10.12"]
[Round "5"]
[White "Ererdem, Gani Eren"]
[Black "Atakisi, Umut"]
[Result "1/2-1/2"]
[ECO "E04"]
[WhiteElo "2136"]
[BlackElo "2361"]
[Annotator "NA"]
[PlyCount "80"]
[EventType "team-tourn"]
[EventCountry "TUR"]
[SourceTitle "playchess.com"]
[Source "ChessBase"]
[SourceQuality "1"]
[WhiteTeam "Karaman"]
[BlackTeam "Besiktas"]
[TimeControl "40/5400+30:1800+30"]

1. d4 d5 2. c4 e6 3. Nf3 Nf6 4. g3 dxc4 5. Bg2 a6 6. O-O Nc6 7. e3 Rb8 8. Nfd2 e5 9. Nxc4 (9. Bxc6+ $1 $14 bxc6 10. dxe5) 9... exd4 10. exd4 Nxd4 11. Be3 $17 (11. Re1+ $11 {bleibt in der Remisbreite.} Be6 12. Nc3) 11... Nc6 12. Bxc6+ bxc6 13. Qxd8+ Kxd8 14. Ne5 Ke8 15. Nxc6 Rxb2 16. Nc3 Be6 17. Rfd1 Bd6 18. Na4 Rxa2 19. Rab1 Bc8 20. Nc5 Nd7 21. Ne4 Rc2 22. Nxd6+ cxd6 23. Rxd6 f6 24. Na7 Ke7 25. Nxc8+ Rhxc8 26. Rxa6 R2c6 27. Rxc6 Rxc6 28. Rb7 g5 29. h3 h5 30. Rb4 Ke6 31. Kg2 Ne5 32. Rb6 Rxb6 33. Bxb6 g4 34. hxg4 hxg4 35. Kf1 Kd5 36. Ke2 Ke4 37. Be3 Nc6 38. Bb6 Nb4 39. Ba5 Nd5 40. Bd2 Ke5 1/2-1/2

[Event "33rd ECCC Open 2017"]
[Site "Antalya"]
[Date "2017.10.12"]
[Round "5"]
[White "Ajvazi, Ramadan"]
[Black "Thee, Bernd"]
[Result "1-0"]
[ECO "B33"]
[WhiteElo "2109"]
[BlackElo "1907"]
[Annotator "NA"]
[PlyCount "33"]
[EventType "team-tourn"]
[EventCountry "TUR"]
[SourceTitle "playchess.com"]
[Source "ChessBase"]
[SourceQuality "1"]
[WhiteTeam "Dardania"]
[BlackTeam "Adare"]
[TimeControl "40/5400+30:1800+30"]

1. e4 c5 2. Nf3 Nc6 3. d4 cxd4 4. Nxd4 Nf6 5. Nc3 e5 6. Ndb5 d6 7. Bg5 a6 8. Na3 b5 9. Bxf6 gxf6 10. Nd5 Bg7 11. c3 f5 12. Bd3 Be6 13. Qh5 Bxd5 14. exd5 Ne7 15. Bxf5 Rb8 $16 (15... Nxf5 $142 16. Qxf5 Qd7) 16. Nc2 Nxd5 17. Be6 1-0

[Event "33rd ECCC Open 2017"]
[Site "Antalya"]
[Date "2017.10.12"]
[Round "5"]
[White "Georgakopoulos, Nikolaos K"]
[Black "Jackson, Carl"]
[Result "1-0"]
[ECO "B01"]
[WhiteElo "2086"]
[BlackElo "2149"]
[Annotator "NA"]
[PlyCount "55"]
[EventType "team-tourn"]
[EventCountry "TUR"]
[SourceTitle "playchess.com"]
[Source "ChessBase"]
[SourceQuality "1"]
[WhiteTeam "Chania"]
[BlackTeam "Gonzaga"]
[TimeControl "40/5400+30:1800+30"]

1. e4 d5 2. exd5 Nf6 3. d4 Bg4 4. Nf3 Qxd5 5. Be2 Nc6 6. Be3 O-O-O 7. Nbd2 {[%emt 0:02:30] B01: Scandinavian Defence} Qf5 {[%emt 0:03:30] LiveBook: 9 Games} 8. c4 (8. O-O $14) 8... e5 9. d5 Nb4 10. O-O Nc2 11. Rc1 (11. Nh4 Nxe3 12. fxe3 Qg5 13. Bxg4+ Nxg4 14. Nf5 Nxe3 15. Nxe3 {1-0 (26) Istratescu,A (2627)-Horvath,J (2508) Aschach 2014}) 11... Nxe3 12. fxe3 Bc5 13. Rc3 e4 $146 14. Nd4 Bxe2 15. Qxe2 Qg6 16. N2b3 Bb4 17. Rc2 Qg4 18. Nf5 Bf8 $18 (18... Qxe2 $14 19. Rxe2 Bf8) 19. Qe1 Rd7 20. Qa5 Kb8 21. Nbd4 g6 22. Ng3 Qg5 23. Rc3 c5 24. Nc6+ bxc6 25. dxc6 Rc7 26. Qa6 Bd6 27. Rb3+ Ka8 28. Rb7 1-0

[Event "33rd ECCC Open 2017"]
[Site "Antalya"]
[Date "2017.10.12"]
[Round "5"]
[White "Asllani, Ibrahim"]
[Black "Palsson, Halldor"]
[Result "1/2-1/2"]
[ECO "E19"]
[WhiteElo "2072"]
[BlackElo "2019"]
[Annotator "NA"]
[PlyCount "80"]
[EventType "team-tourn"]
[EventCountry "TUR"]
[SourceTitle "playchess.com"]
[Source "ChessBase"]
[SourceQuality "1"]
[WhiteTeam "Hasan Pristina"]
[BlackTeam "Viking"]
[TimeControl "40/5400+30:1800+30"]

1. d4 Nf6 2. c4 e6 3. Nf3 b6 4. g3 Bb7 5. Bg2 Be7 6. Nc3 O-O 7. O-O Ne4 8. Qc2 f5 9. Rd1 {[%emt 0:03:30] E19: Queen's Indian: Old Main Line with 7...Ne4 8 Qc2 Nxc3 8 Qxc3} (9. Bf4 Nxc3 10. Qxc3 Bf6 11. Rfd1 d6 12. Rac1 Qe7 13. h4 Nd7 14. Qe3 a5 15. Ne5 Bxg2 16. Kxg2 dxe5 17. dxe5 Nxe5 18. Bxe5 Bxe5 19. Qxe5 {½-½ (46) Savchenko,B (2639)-Khanin,S (2436) Voronezh 2017}) 9... d6 10. b3 Nxc3 11. Qxc3 Bf6 12. Bb2 Nd7 13. Ng5 Bxg5 14. Bxb7 Rb8 15. Bc6 Qe7 16. f4 Bf6 17. Rd3 $146 ({Predecessor:} 17. e4 fxe4 18. Bxe4 g6 19. Re1 c5 {1-0 (66) Bemporad,F (2100)-Mastrorilli,N (2012) Corsico 2009}) 17... Kh8 18. Re3 Qf7 19. Rd1 Rbd8 20. Qc2 Nb8 21. Bg2 d5 22. Ba3 Rfe8 23. Red3 c6 24. e3 Qd7 25. Bf3 Rg8 26. h4 g6 27. Qh2 h5 28. Qe2 Rc8 29. Rc1 Rc7 $14 30. c5 b5 31. Bb4 Rb7 32. Qc2 Bd8 33. Ra1 a5 34. Bc3 Ra7 35. a4 b4 36. Bb2 Qe8 37. Re1 Nd7 38. Rd2 Nf6 39. Rde2 Qf7 40. Rd2 Qd7 1/2-1/2

[Event "33rd ECCC Open 2017"]
[Site "Antalya"]
[Date "2017.10.12"]
[Round "5"]
[White "Danielsen, Magnus"]
[Black "Osttveit, Martin"]
[Result "1-0"]
[ECO "C41"]
[WhiteElo "2060"]
[BlackElo "2073"]
[Annotator "NA"]
[PlyCount "79"]
[EventType "team-tourn"]
[EventCountry "TUR"]
[SourceTitle "playchess.com"]
[Source "ChessBase"]
[SourceQuality "1"]
[WhiteTeam "Valerenga"]
[BlackTeam "Oslo"]
[TimeControl "40/5400+30:1800+30"]

1. e4 e5 2. Nf3 d6 3. d4 Nd7 4. Bc4 c6 5. O-O Be7 6. dxe5 dxe5 7. Ng5 Bxg5 8. Qh5 Qf6 9. Qxg5 Qxg5 10. Bxg5 {[%emt 0:00:00] C41: Philidor Defence} Ngf6 (10... Nc5 11. f3 Be6 12. Nd2 b5 13. Be3 bxc4 14. Bxc5 Nf6 15. b3 Nd7 16. Bd6 O-O-O 17. Nxc4 Bxc4 18. bxc4 {1-0 (28) Ni,H (2704)-Zhang,P (2640) Beijing 2008}) 11. f3 Nc5 12. Be3 Be6 13. Nd2 Nfd7 14. b4 $146 ({Predecessor:} 14. Be2 Ke7 15. Nc4 Na4 16. Na5 Rab8 17. b3 Nab6 {1-0 (57) Munoz Santana,J (2342)-Arribas Robaina,M (2303) Balaguer 2005}) 14... Na6 15. Bxa6 bxa6 16. Nb3 Kd8 17. Rfd1 Kc7 18. Rd2 Nb6 19. Nc5 Bc4 20. a4 Rhd8 21. a5 Rxd2 22. Bxd2 Nd7 $14 23. Nxd7 Kxd7 24. Be3 Kc7 25. Rd1 f6 26. Bc5 Ba2 27. Kf2 Bg8 28. Ke3 Bc4 29. h4 h6 30. g4 Bg8 31. Bd6+ Kb7 32. Bc5 Kc7 33. Rd2 Bc4 34. g5 hxg5 35. hxg5 Re8 36. Bxa7 Rh8 37. Bb6+ Kc8 38. Rd6 fxg5 39. Rxc6+ Kb8 40. Rxc4 1-0

[Event "33rd ECCC Open 2017"]
[Site "Antalya"]
[Date "2017.10.12"]
[Round "5"]
[White "Heinrich, Jan"]
[Black "Uruci, Endrit"]
[Result "1/2-1/2"]
[ECO "D60"]
[WhiteElo "1988"]
[BlackElo "2111"]
[Annotator "NA"]
[PlyCount "61"]
[EventType "team-tourn"]
[EventCountry "TUR"]
[SourceTitle "playchess.com"]
[Source "ChessBase"]
[SourceQuality "1"]
[WhiteTeam "Adare"]
[BlackTeam "Dardania"]
[TimeControl "40/5400+30:1800+30"]

1. d4 Nf6 2. Bg5 d5 3. Nf3 e6 4. e3 Be7 5. c4 O-O 6. Nc3 Nbd7 7. Bd3 dxc4 8. Bxc4 a6 9. O-O b5 10. Bb3 Bb7 {[%emt 0:00:00] D60: Queen's Gambit Declined: Classical: Unusual White 7th moves} 11. Qe2 Ne4 $146 ({Predecessor:} 11... c5 12. Rfd1 Qb6 13. Rac1 Rfd8 14. h3 Rac8 15. Bc2 cxd4 16. exd4 Nf8 17. d5 b4 18. Na4 {0-1 (41) Rimeikis,A (2132)-Kalvaitis,S (2285) Plateliai 2016}) 12. Nxe4 Bxe4 13. Bxe7 Qxe7 14. Rac1 c5 15. dxc5 Nxc5 16. Bc2 Rfd8 17. Bxe4 Nxe4 18. Qc2 Nd6 19. Rfd1 Rac8 20. Qe2 e5 21. h3 $11 h6 22. b3 Ne4 23. Rxd8+ Qxd8 24. Rxc8 Qxc8 25. Qb2 f6 26. Nd2 Nc3 27. b4 Kh8 28. Kh2 Nd5 29. a3 Nb6 30. Nb3 Na4 31. Qd2 1/2-1/2

[Event "33rd ECCC Open 2017"]
[Site "Antalya"]
[Date "2017.10.12"]
[Round "5"]
[White "Kocyigit, Buse Naz"]
[Black "Sahin, Ozgun"]
[Result "1/2-1/2"]
[ECO "D05"]
[WhiteElo "1827"]
[BlackElo "2210"]
[Annotator "NA"]
[PlyCount "108"]
[EventType "team-tourn"]
[EventCountry "TUR"]
[SourceTitle "playchess.com"]
[Source "ChessBase"]
[SourceQuality "1"]
[WhiteTeam "Karaman"]
[BlackTeam "Besiktas"]
[TimeControl "40/5400+30:1800+30"]

1. d4 c5 2. e3 Nf6 3. Nf3 d5 4. c3 Nc6 5. Bd3 Bg4 6. Nbd2 e6 7. O-O {[%emt 0:01:00] D05: Colle System with ...e6} Bd6 (7... cxd4 8. exd4 Bd6 9. Re1 O-O 10. Nf1 Re8 11. Bg5 h6 12. Bh4 e5 13. dxe5 Nxe5 14. Be2 Nxf3+ 15. Bxf3 Rxe1 16. Qxe1 Bxf3 17. gxf3 {½-½ (44) Golubov,S (2490)-Peralta,F (2574) Sitges 2016}) 8. dxc5 Bxc5 9. e4 O-O 10. Qc2 h6 11. exd5 $146 ({Predecessor:} 11. h3 dxe4 12. Bxe4 Nxe4 13. hxg4 Ng5 14. Nxg5 Qxg5 {½-½ (61) Gotovusa,G (2165)-Zmijanac,D (2258) Belgrade 2003}) 11... exd5 12. h3 Bd7 13. Nb3 Bb6 14. Bf4 Rc8 15. a3 a5 16. Rae1 a4 17. Nbd2 Bc5 18. Ne5 ({Much worse is} 18. Qxa4 Nb4 $17) 18... Nxe5 19. Bxe5 b5 20. Qd1 Bc6 21. Nf3 Nd7 22. Bd4 Bd6 23. Ne5 Nxe5 24. Bxe5 Bxe5 25. Rxe5 Qd6 26. Rfe1 Rfd8 27. Bf5 Rc7 28. Qd4 Kf8 29. Bc2 Re8 30. Rxe8+ Bxe8 31. Qd3 Re7 32. Rd1 Re5 33. Qh7 Qf6 34. Bd3 Bc6 35. Qh8+ Ke7 36. Qb8 Qd6 37. Qa7+ Kf8 38. Qb6 d4 39. cxd4 Rg5 40. Bf1 Kg8 41. Rc1 Rg6 42. Qc5 Qf4 $16 43. Qc3 Bxg2 44. Bxg2 Qe4 45. f3 Qe2 46. Qc8+ Kh7 47. Qc2 Qe3+ 48. Kh1 Qxd4 49. Rd1 Qe3 50. f4 Qxf4 51. Be4 f5 52. Bxf5 Qf3+ 53. Kh2 Qg3+ 54. Kh1 Qf3+ 1/2-1/2

[Event "33rd ECCC Open 2017"]
[Site "Antalya"]
[Date "2017.10.12"]
[Round "5"]
[White "Ingason, Sigurdur"]
[Black "Hajra, Driton"]
[Result "1/2-1/2"]
[ECO "E94"]
[WhiteElo "1809"]
[BlackElo "2040"]
[Annotator "NA"]
[PlyCount "128"]
[EventType "team-tourn"]
[EventCountry "TUR"]
[SourceTitle "playchess.com"]
[Source "ChessBase"]
[SourceQuality "1"]
[WhiteTeam "Viking"]
[BlackTeam "Hasan Pristina"]
[TimeControl "40/5400+30:1800+30"]

1. d4 Nf6 2. c4 g6 3. Nc3 Bg7 4. e4 d6 5. Be2 O-O 6. Bg5 c6 7. Qd2 Re8 8. Nf3 Qc7 9. O-O Nbd7 10. Rfe1 e5 11. d5 {[%emt 0:01:30] E94: King's Indian: Classical: 6 Be2 e5 7 0-0: Various Black 7th moves} c5 12. a3 b6 13. b4 a6 14. Bf1 Nf8 15. bxc5 $146 ({Predecessor:} 15. Rab1 Bg4 16. Qd3 {½-½ (36) Wilfling,H (2168)-Schober,M (1930) St Veit 2009}) 15... bxc5 16. a4 Bg4 17. Nh4 Qa5 18. f3 Bd7 19. Qc2 Reb8 20. Bd2 Qd8 21. g3 Rb7 22. Reb1 Rab8 23. Rxb7 Rxb7 24. Rb1 Qb8 25. Rxb7 Qxb7 26. Bd3 Ne8 27. Ng2 Bf6 28. Ne3 Bd8 29. Nb1 Ng7 30. Nd1 f5 31. Qb2 Qc8 32. Bc2 fxe4 33. fxe4 Nh5 34. Nbc3 Kg7 35. Nf2 h6 (35... Ba5 $11 {remains equal.}) 36. Bd1 Nf6 37. Be3 Ba5 38. Na2 g5 39. Bd2 Bc7 40. Bc3 Ng6 41. Qd2 Ne7 42. Nc1 Neg8 43. Ba5 Qd8 44. Bc3 Qe8 45. Ba5 Qd8 46. Bc3 Ne7 47. Ncd3 Nc8 48. a5 Be8 49. Qa2 Bg6 50. Bf3 Ne7 51. Nc1 Bh5 52. Bxh5 Nxh5 53. Qd2 $14 Ng6 54. Qb2 Bxa5 55. Ne2 Bxc3 56. Nxc3 Qa5 57. Qb7+ Kg8 58. Qb8+ Nf8 59. Nfd1 Nf6 60. Qxd6 N8d7 61. Qe6+ Kf8 62. d6 Qd8 (62... Qb4 $11) 63. Nd5 Qe8 64. Qf5 Kf7 1/2-1/2

[Event "33rd ECCC Open 2017"]
[Site "Antalya"]
[Date "2017.10.12"]
[Round "5"]
[White "Egan, Colm"]
[Black "Mahmuti, Ajet"]
[Result "0-1"]
[ECO "A45"]
[WhiteElo "1786"]
[BlackElo "1981"]
[Annotator "NA"]
[PlyCount "77"]
[EventType "team-tourn"]
[EventCountry "TUR"]
[SourceTitle "playchess.com"]
[Source "ChessBase"]
[SourceQuality "1"]
[WhiteTeam "Adare"]
[BlackTeam "Dardania"]
[TimeControl "40/5400+30:1800+30"]

1. d4 Nf6 2. Bg5 Ne4 3. Bf4 d6 4. f3 Nf6 5. e4 g6 6. Qd2 Nh5 7. Bh6 Bxh6 8. Qxh6 c5 9. dxc5 Qa5+ 10. Nd2 Qxc5 11. Nb3 Qb4+ 12. c3 Qb6 13. O-O-O Be6 14. Bd3 Bxb3 15. axb3 Qxb3 16. Ne2 Nc6 17. Bc2 Qb6 18. g4 Nf6 19. h4 O-O-O 20. Nd4 Ne5 21. Bb3 e6 22. Qg5 Nfd7 23. Kc2 Nc5 24. Rhf1 Nxb3 25. Nxb3 Kb8 26. Rd4 Nc6 27. Rd2 Rd7 28. Qf6 Rc8 29. f4 Qe3 30. Kc1 b6 31. Rfd1 a5 32. Nd4 Qxe4 33. Re2 Qd5 34. Nxe6 Qc4 35. Nd4 Nxd4 36. Qxd4 Qxe2 37. Qxb6+ Rb7 38. Qxd6+ Ka8 39. Qd5 0-1

[Event "33rd ECCC Open 2017"]
[Site "Antalya"]
[Date "2017.10.12"]
[Round "5"]
[White "Aleksic, Filip"]
[Black "Ejsing, Esben"]
[Result "0-1"]
[ECO "A41"]
[WhiteElo "1654"]
[BlackElo "2180"]
[Annotator "NA"]
[PlyCount "88"]
[EventType "team-tourn"]
[EventCountry "TUR"]
[SourceTitle "playchess.com"]
[Source "ChessBase"]
[SourceQuality "1"]
[WhiteTeam "Elektroprivreda"]
[BlackTeam "Nordkalotten"]
[TimeControl "40/5400+30:1800+30"]

1. d4 g6 2. g3 Bg7 3. Bg2 d6 4. Nf3 Nd7 5. O-O e5 6. dxe5 dxe5 7. e4 {[%emt 0:03:30] A41: 1 d4 d6: Tartakower System and Modern Defence} Ne7 (7... Ngf6 8. Qe2 O-O 9. b3 Re8 10. Rd1 h6 11. a4 a5 12. Ba3 b6 13. Qe3 Bb7 14. Nc3 Qb8 {1-0 (66) Petrosian,T (2625)-Guseinov,G (2646) Minsk 2015}) 8. Nc3 O-O 9. Qe2 c6 10. Be3 b5 $146 ({Predecessor:} 10... Re8 11. Rfd1 Qc7 12. Qd2 Nf8 13. Bc5 Bg4 14. h3 Bxf3 15. Bxf3 {1-0 (41) Stumpf,W (1996)-Schurig,W (1976) Freudenstadt 2003}) 11. a3 Qc7 12. Rad1 a5 13. Ra1 Ba6 14. Rfd1 Rfd8 15. Qe1 Nf8 16. Bf1 Ne6 17. Rxd8+ Nxd8 18. Rd1 Ne6 19. Ng5 Nd4 20. Bxd4 exd4 $15 21. Ne2 c5 22. c3 Rd8 23. cxd4 cxd4 24. Nf4 h6 25. Nf3 Qb6 26. Nd3 Bc8 27. h3 Be6 28. Kg2 Kh7 29. Kh2 g5 30. g4 Ng6 31. Qd2 Bc4 32. Be2 Bf8 33. Ng1 Bd6+ 34. Kh1 Bc7 35. Bf1 Qd6 36. f3 Kg7 37. Rc1 Rh8 38. Rd1 h5 39. Qf2 hxg4 40. fxg4 Re8 41. Nf3 Rxe4 42. Nxg5 Re3 43. Nc1 Bd5+ 44. Kg1 Rg3+ 0-1

[Event "33rd ECCC Open 2017"]
[Site "Antalya"]
[Date "2017.10.12"]
[Round "5"]
[White "Cirdi, Dalya"]
[Black "Lokasto, Mariusz"]
[Result "0-1"]
[ECO "D31"]
[WhiteElo "1093"]
[BlackElo "1857"]
[Annotator "NA RC"]
[PlyCount "220"]
[EventType "team-tourn"]
[EventCountry "TUR"]
[SourceTitle "playchess.com"]
[Source "ChessBase"]
[SourceQuality "1"]
[WhiteTeam "Hatay"]
[BlackTeam "Benildus"]
[TimeControl "40/5400+30:1800+30"]

1. d4 d5 2. c4 c6 3. e3 Nf6 4. Nc3 e6 5. a3 Nbd7 6. Bd3 {[%emt 0:03:00] D31: Queen's Gambit Declined: Semi-Slav without ...Nf6 (+ Marshall Gambit and Noteboom) and Exchange Variation lines without ...Nf6} (6. Bd2 Be7 7. Qc2 O-O 8. Nf3 b6 9. Be2 Bb7 10. O-O dxc4 11. Bxc4 Rc8 12. Rfd1 c5 13. Be2 Qc7 {½-½ (62) Stocek,J (2544)-Van Wely,L (2684) Sydney 2013}) 6... dxc4 7. Bxc4 b5 8. Bd3 a6 9. Nge2 Bb7 10. O-O c5 11. dxc5 $146 ({Predecessor:} 11. Nxb5 axb5 12. Bxb5 Qc7 13. Qd3 Bd6 {0-1 (53) Engel,M-Buechle,R (2015) Germany 2003}) 11... Nxc5 12. Bc2 Qb6 13. b4 Qc6 14. f3 Ncd7 $1 15. e4 Be7 16. Be3 O-O 17. Rc1 Ne5 18. Bb3 Qe8 19. Qc2 Rc8 20. Rfd1 a5 21. bxa5 Bxa3 22. Ra1 b4 23. Ba4 Qe7 24. Qb3 Nc4 25. Nb5 Nxa5 26. Qa2 Nc4 27. Bf2 Nb2 28. Rdb1 Nxa4 29. Nxa3 bxa3 30. Qxa3 Qxa3 31. Rxa3 Ba6 32. Ng3 Nc3 33. Re1 Rc6 34. h3 Rfc8 35. Raa1 Bb5 36. Be3 h6 37. Kh2 Na4 38. Ne2 Bxe2 39. Rxe2 Nb6 40. Rb1 Na4 41. Rbe1 Rc2 42. Kg1 Rxe2 43. Rxe2 Kf8 44. Kf2 Nc3 45. Re1 Na2 46. Kg3 Nd7 47. Rd1 Ke7 48. Rd2 Nc3 49. Kh2 Nb5 50. Rb2 Nd6 51. Rd2 Rc6 52. Bg1 f6 53. Kg3 e5 54. Re2 Rc3 55. Kh2 Ke6 56. Rf2 h5 57. h4 Nf8 58. g3 Ng6 59. Kh3 Ne7 60. Bh2 Nc6 61. Kg2 Nd4 62. Bg1 Rc2 63. Rxc2 Nxc2 64. Kf1 Nd4 65. Kg2 Nc4 66. Kf2 Nd2 67. Ke3 N2xf3 68. Bf2 Nh2 69. Kd3 Ng4 70. Be1 Kd6 71. Bb4+ Kc6 72. Kc4 g6 73. Kd3 Nf2+ 74. Ke3 Nc2+ 75. Kxf2 Nxb4 76. Ke3 Nc2+ 77. Kd3 Nd4 78. Kd2 Kc5 79. Kd3 Kb4 80. Kd2 Kb3 81. Kd3 Ne6 82. Ke3 Kc3 83. Ke2 Kd4 84. Kf3 Kd3 85. Kf2 Kxe4 86. Ke2 f5 87. Kf2 Nd4 88. Kg2 Ke3 89. Kg1 Kf3 90. Kf1 Kxg3 91. Kg1 Nf3+ 92. Kf1 Nxh4 93. Ke2 e4 94. Ke3 g5 95. Ke2 f4 96. Kd2 Kf2 97. Kd1 e3 98. Kc2 e2 99. Kd3 e1=Q 100. Kc4 Qd2 101. Kc5 Qd3 102. Kb4 Qc2 103. Kb5 Qc3 104. Kb6 Qc4 105. Kb7 Qc5 106. Kb8 Qe7 107. Kc8 Nf5 108. Kb8 Qd7 109. Ka8 Nd6 110. Kb8 Qb7# 0-1